TOP OF THE 1ST |
San Jose Missions batting - Pitching for Las Vegas Stars : RHP Dema Mitenkov
|
Pitching: RHP Dema Mitenkov
|
|
Batting: RHB Emílio Bruno
|
0-0: Called Strike 0-1: Ball 1-1: Swinging Strike 1-2: Ball 2-2: Ball 3-2: Strikes out swinging
|
Batting: RHB Ed Starr
|
0-0: Ball 1-0: Foul Ball, location: 2F 1-1: Foul Ball, location: 2F 1-2: Ball 2-2: Ground out 6-3 (Groundball, 6)
|
Batting: RHB Dale Taylor
|
0-0: Ground out 6-3 (Groundball, 56)
|
Top of the 1st over - 0 run(s), 0 hit(s), 0 error(s), 0 left on base; San Jose 0 - Las Vegas 0 |
BOTTOM OF THE 1ST |
Las Vegas Stars batting - Pitching for San Jose Missions : RHP Francisco Arellano
|
Pitching: RHP Francisco Arellano
|
|
Batting: RHB Ron Shelton
|
0-0: Ball 1-0: Foul Ball, location: 2F 1-1: Foul Ball, location: 2F 1-2: Foul Ball, location: 2F 1-2: Ball 2-2: SINGLE (Groundball, 6MD)
|
Batting: RHB José Zúñiga
|
0-0: Fly out, F1 (Line Drive, 15) Lined into DP, 1-3 (Line Drive, 15)
|
Batting: LHB Fernando De La Cruz
|
0-0: Ball 1-0: Foul Ball, location: 2F 1-1: Fly out, F9 (Flyball, 9S)
|
Bottom of the 1st over - 0 run(s), 1 hit(s), 0 error(s), 0 left on base; San Jose 0 - Las Vegas 0 |
TOP OF THE 2ND |
San Jose Missions batting - Pitching for Las Vegas Stars : RHP Dema Mitenkov
|
Batting: RHB Bob Orr
|
0-0: Ball 1-0: Ball 2-0: Ball 3-0: Called Strike 3-1: Base on Balls
|
Batting: RHB Scott Merritt
|
0-0: Ball 1-0: Fly out, F4 (Line Drive, 4M)
|
Batting: RHB Andrew Benson
|
0-0: Swinging Strike 0-1: Fly out, F6 (Line Drive, 6M)
|
Batting: LHB Miguel Montés
|
0-0: Ball 1-0: Ball 2-0: Called Strike 2-1: Called Strike 2-2: Foul Ball, location: 2F 2-2: Fly out, F6 (Popup, 56)
|
Top of the 2nd over - 0 run(s), 0 hit(s), 0 error(s), 1 left on base; San Jose 0 - Las Vegas 0 |
BOTTOM OF THE 2ND |
Las Vegas Stars batting - Pitching for San Jose Missions : RHP Francisco Arellano
|
Batting: LHB Joaquín González
|
0-0: Ball 1-0: Ground out U3 (Groundball, 34)
|
Batting: RHB Reginaldo Jaconelli
|
0-0: Swinging Strike 0-1: Ball 1-1: Called Strike 1-2: Ball 2-2: Strikes out swinging
|
Batting: SHB Héctor Barajas
|
0-0: Called Strike 0-1: Ball 1-1: Called Strike 1-2: Strikes out swinging
|
Bottom of the 2nd over - 0 run(s), 0 hit(s), 0 error(s), 0 left on base; San Jose 0 - Las Vegas 0 |
TOP OF THE 3RD |
San Jose Missions batting - Pitching for Las Vegas Stars : RHP Dema Mitenkov
|
Batting: RHB Armando López
|
0-0: Called Strike 0-1: Ground out 4-3 (Groundball, 4MD)
|
Batting: RHB David Crespo
|
0-0: Ball 1-0: Ball 2-0: Swinging Strike 2-1: Ball 3-1: Foul Ball, location: 2F 3-2: Base on Balls
|
Batting: RHB Emílio Bruno
|
0-0: Foul Ball, location: 2F 0-1: SINGLE (Line Drive, 34D) David Crespo to second
|
Batting: RHB Ed Starr
|
0-0: Ball 1-0: Called Strike 1-1: Ball 2-1: Called Strike 2-2: Foul Ball, location: 2F 2-2: Ball 3-2: Strikes out swinging
|
Batting: RHB Dale Taylor
|
0-0: Ball 1-0: Ball 2-0: Ball 3-0: SINGLE (Line Drive, 7S) David Crespo to third Emílio Bruno to second
|
Batting: RHB Bob Orr
|
0-0: Ball 1-0: Called Strike 1-1: Hit by Pitch David Crespo scores Emílio Bruno to third Dale Taylor to second
|
Batting: RHB Scott Merritt
|
0-0: Foul Ball, location: 2F 0-1: Ball 1-1: Reached on error, E4 (Groundball, 4) Emílio Bruno scores Dale Taylor to third Bob Orr to second
|
Batting: RHB Andrew Benson
|
0-0: Foul Ball, location: 2F 0-1: Ground out 5-3 (Groundball, 56)
|
Top of the 3rd over - 2 run(s), 2 hit(s), 1 error(s), 3 left on base; San Jose 2 - Las Vegas 0 |
BOTTOM OF THE 3RD |
Las Vegas Stars batting - Pitching for San Jose Missions : RHP Francisco Arellano
|
Batting: RHB Jesús Naút
|
0-0: Called Strike 0-1: Ground out 6-3 (Groundball, 6)
|
Batting: RHB Douglas Davis
|
0-0: Ground out 4-3 (Groundball, 4)
|
Batting: LHB Paco Rivera
|
0-0: Called Strike 0-1: Called Strike 0-2: Ball 1-2: Strikes out swinging
|
Bottom of the 3rd over - 0 run(s), 0 hit(s), 0 error(s), 0 left on base; San Jose 2 - Las Vegas 0 |
TOP OF THE 4TH |
San Jose Missions batting - Pitching for Las Vegas Stars : RHP Dema Mitenkov
|
Batting: LHB Miguel Montés
|
0-0: Called Strike 0-1: Ball 1-1: Ball 2-1: Ball 3-1: Called Strike 3-2: Strikes out swinging
|
Batting: RHB Armando López
|
0-0: Ball 1-0: Ball 2-0: Ball 3-0: Called Strike 3-1: Swinging Strike 3-2: Foul Ball, location: 2F 3-2: Strikes out swinging
|
Batting: RHB David Crespo
|
0-0: Ball 1-0: Ball 2-0: Ball 3-0: Foul Ball, location: 2F 3-1: Base on Balls
|
Batting: RHB Emílio Bruno
|
0-0: Swinging Strike 0-1: Swinging Strike 0-2: Ball 1-2: Strikes out swinging
|
Top of the 4th over - 0 run(s), 0 hit(s), 0 error(s), 1 left on base; San Jose 2 - Las Vegas 0 |
BOTTOM OF THE 4TH |
Las Vegas Stars batting - Pitching for San Jose Missions : RHP Francisco Arellano
|
Batting: RHB Ron Shelton
|
0-0: Called Strike 0-1: Swinging Strike 0-2: Fly out, F9 (Flyball, 9)
|
Batting: RHB José Zúñiga
|
0-0: Called Strike 0-1: SINGLE (Groundball, 4D)
|
Batting: LHB Fernando De La Cruz
|
0-0: Foul Ball, location: 2F 0-1: Called Strike 0-2: Strikes out swinging
|
Batting: LHB Joaquín González
|
0-0: Ball 1-0: Ground out U3 (Groundball, 34S)
|
Bottom of the 4th over - 0 run(s), 1 hit(s), 0 error(s), 1 left on base; San Jose 2 - Las Vegas 0 |
TOP OF THE 5TH |
San Jose Missions batting - Pitching for Las Vegas Stars : RHP Dema Mitenkov
|
Batting: RHB Ed Starr
|
0-0: Ball 1-0: Foul Ball, location: 2F 1-1: Ball 2-1: Ball 3-1: Base on Balls
|
Batting: RHB Dale Taylor
|
0-0: Called Strike 0-1: Foul Ball, location: 2F 0-2: Ball 1-2: Ball 2-2: Strikes out swinging
|
Batting: RHB Bob Orr
|
0-0: Foul Ball, location: 2F 0-1: Swinging Strike 0-2: Ball 1-2: Strikes out swinging
|
Batting: RHB Scott Merritt
|
0-0: Ground out U3 (Groundball, 34)
|
Top of the 5th over - 0 run(s), 0 hit(s), 0 error(s), 1 left on base; San Jose 2 - Las Vegas 0 |
BOTTOM OF THE 5TH |
Las Vegas Stars batting - Pitching for San Jose Missions : RHP Francisco Arellano
|
Batting: RHB Reginaldo Jaconelli
|
0-0: Called Strike 0-1: Ball 1-1: SINGLE (Flyball, 9LM)
|
Batting: SHB Héctor Barajas
|
0-0: Grounds into double play, 5-4-3 (Groundball, 5)
|
Batting: RHB Jesús Naút
|
0-0: Foul Ball, location: 2F 0-1: Ball 1-1: Fly out, F9 (Flyball, 9)
|
Bottom of the 5th over - 0 run(s), 1 hit(s), 0 error(s), 0 left on base; San Jose 2 - Las Vegas 0 |
TOP OF THE 6TH |
San Jose Missions batting - Pitching for Las Vegas Stars : RHP Dema Mitenkov
|
Pitching: LHP Ricardo Díaz
|
|
Batting: RHB Andrew Benson
|
0-0: Foul Ball, location: 2F 0-1: Ball 1-1: Ball 2-1: Foul Ball, location: 2F 2-2: Strikes out looking
|
Batting: LHB Miguel Montés
|
0-0: Ball 1-0: Called Strike 1-1: SINGLE (Popup, 4MD)
|
Batting: RHB Armando López
|
0-0: Called Strike 0-1: Ball 1-1: Called Strike Miguel Montés steals 2nd base 1-2: Fly out, F7 (Flyball, 78D)
|
Batting: RHB David Crespo
|
0-0: Reached on error, E5 (Groundball, 5S) Miguel Montés to third
|
Batting: RHB Emílio Bruno
|
0-0: Ball 1-0: Swinging Strike 1-1: Fielders Choice at 2nd, 6-4 (Groundball, 6)
|
Top of the 6th over - 0 run(s), 1 hit(s), 1 error(s), 1 left on base; San Jose 2 - Las Vegas 0 |
BOTTOM OF THE 6TH |
Las Vegas Stars batting - Pitching for San Jose Missions : RHP Francisco Arellano
|
Batting: RHB Douglas Davis
|
0-0: Ball 1-0: Ball 2-0: Ground out 4-3 (Groundball, 4)
|
Batting: LHB Paco Rivera
|
0-0: Called Strike 0-1: Called Strike 0-2: Foul Ball, location: 2F 0-2: Ground out U3 (Groundball, 34)
|
Batting: RHB Ron Shelton
|
0-0: Ball 1-0: Ball 2-0: Called Strike 2-1: SINGLE (Popup, 56D)
|
Batting: RHB José Zúñiga
|
0-0: Called Strike 0-1: Foul Ball, location: 2F 0-2: Ball 1-2: Foul Ball, location: 2F 1-2: Ground out 5-3 (Groundball, 56S)
|
Bottom of the 6th over - 0 run(s), 1 hit(s), 0 error(s), 1 left on base; San Jose 2 - Las Vegas 0 |
TOP OF THE 7TH |
San Jose Missions batting - Pitching for Las Vegas Stars : LHP Ricardo Díaz
|
Batting: RHB Ed Starr
|
0-0: Called Strike 0-1: Foul Ball, location: 2F 0-2: Ball 1-2: Strikes out looking
|
Batting: RHB Dale Taylor
|
0-0: Ball 1-0: Ground out 4-3 (Groundball, 4)
|
Batting: RHB Bob Orr
|
0-0: Ball 1-0: Called Strike 1-1: Ball 2-1: Foul Ball, location: 2F 2-2: Ball 3-2: Strikes out looking
|
Top of the 7th over - 0 run(s), 0 hit(s), 0 error(s), 0 left on base; San Jose 2 - Las Vegas 0 |
BOTTOM OF THE 7TH |
Las Vegas Stars batting - Pitching for San Jose Missions : RHP Francisco Arellano
|
Batting: LHB Fernando De La Cruz
|
0-0: Called Strike 0-1: Ball 1-1: Ball 2-1: Ball 3-1: Foul Ball, location: 2F 3-2: Base on Balls
|
Batting: LHB Joaquín González
|
0-0: Foul Ball, location: 2F 0-1: Swinging Strike 0-2: SINGLE (Groundball, 34) (infield hit) Fernando De La Cruz to second
|
Batting: RHB Reginaldo Jaconelli
|
0-0: Called Strike 0-1: Ball 1-1: Swinging Strike 1-2: Strikes out looking
|
Pinch Hitting: LHB Ethan Marshall
|
0-0: Foul Ball, location: 2F 0-1: Fly out, F6 (Flyball, 56D)
|
Pinch Hitting: RHB Ryan McBride
|
0-0: Swinging Strike 0-1: Ball 1-1: Foul Ball, location: 2F 1-2: SINGLE (Groundball, 56D) Fernando De La Cruz to third Joaquín González to second Runner from 3rd tries for Home, SAFE, no throw
|
Pinch Hitting: LHB William Wolf
|
0-0: SINGLE (Groundball, 34) (infield hit) Joaquín González to third Ryan McBride to second
|
Batting: LHB Paco Rivera
|
0-0: Fly out, F4 (Popup, 3D)
|
Bottom of the 7th over - 1 run(s), 3 hit(s), 0 error(s), 3 left on base; San Jose 2 - Las Vegas 1 |
TOP OF THE 8TH |
San Jose Missions batting - Pitching for Las Vegas Stars : LHP Ricardo Díaz
|
Now at 2B: Kyle Bacon
|
|
Now in LF: William Wolf
|
|
Now in RF: Ryan McBride
|
|
Batting: RHB Scott Merritt
|
0-0: Ball 1-0: Foul Ball, location: 2F 1-1: Foul Ball, location: 2F 1-2: SINGLE (Flyball, 78S)
|
Pitching: RHP Kyoshi Asano
|
|
Batting: RHB Andrew Benson
|
0-0: Ball 1-0: Sac Bunt - play at first, batter OUT! 1-4 Scott Merritt to second
|
Batting: LHB Miguel Montés
|
0-0: Ball 1-0: Foul Ball, location: 2F 1-1: Ground out 1-3 (Groundball, 13S) Scott Merritt to third
|
Batting: RHB Armando López
|
0-0: Called Strike 0-1: Fly out, F8 (Flyball, 89M)
|
Top of the 8th over - 0 run(s), 1 hit(s), 0 error(s), 1 left on base; San Jose 2 - Las Vegas 1 |
BOTTOM OF THE 8TH |
Las Vegas Stars batting - Pitching for San Jose Missions : RHP Francisco Arellano
|
Now at 3B: Bobby Brewster
|
|
Now in RF: Félix García
|
|
Batting: RHB Ron Shelton
|
0-0: Ball 1-0: Ball 2-0: Called Strike 2-1: Foul Ball, location: 2F 2-2: Ball 3-2: Foul Ball, location: 2F 3-2: Fly out, F9 (Flyball, 9LS)
|
Batting: RHB José Zúñiga
|
0-0: Ball 1-0: Called Strike 1-1: Swinging Strike 1-2: Strikes out swinging, 2-3 out at first.
|
Batting: LHB Fernando De La Cruz
|
0-0: Ball 1-0: Foul Ball, location: 2F 1-1: Called Strike 1-2: Ball 2-2: Ball 3-2: Ground out U3 (Groundball, 34S)
|
Bottom of the 8th over - 0 run(s), 0 hit(s), 0 error(s), 0 left on base; San Jose 2 - Las Vegas 1 |
TOP OF THE 9TH |
San Jose Missions batting - Pitching for Las Vegas Stars : RHP Kyoshi Asano
|
Batting: RHB David Crespo
|
0-0: Ground out 1-3 (Groundball, P)
|
Batting: RHB Emílio Bruno
|
0-0: Ball 1-0: Ground out 6-3 (Groundball, 6)
|
Batting: RHB Ed Starr
|
0-0: Ball 1-0: SINGLE (Groundball, 4D)
|
Batting: RHB Dale Taylor
|
0-0: Foul Ball, location: 2F 0-1: Ball 1-1: Called Strike 1-2: Strikes out swinging
|
Top of the 9th over - 0 run(s), 1 hit(s), 0 error(s), 1 left on base; San Jose 2 - Las Vegas 1 |
BOTTOM OF THE 9TH |
Las Vegas Stars batting - Pitching for San Jose Missions : RHP Francisco Arellano
|
Pitching: RHP Paul Lewis
|
|
Now at 1B: Jim Brown
|
|
Batting: LHB Joaquín González
|
0-0: Called Strike 0-1: Ball 1-1: Called Strike 1-2: Ball 2-2: Foul Ball, location: 2F 2-2: Ball 3-2: Base on Balls
|
Pinch Hitting: RHB Juan Valverde
|
0-0: Called Strike 0-1: Ball Balk! Joaquín González to second 1-1: Foul Ball, location: 2F 1-2: Ball 2-2: Foul Ball, location: 2F 2-2: SINGLE (Line Drive, 89S) Joaquín González to third
|
Batting: RHB Kyle Bacon
|
0-0: Ball 1-0: Ball 2-0: Ball 3-0: Called Strike 3-1: Fly out, F4 (Popup, 4S)
|
Batting: RHB Ryan McBride
|
0-0: Called Strike 0-1: Ball 1-1: SINGLE (Line Drive, 4MD) Joaquín González scores Juan Valverde to second
|
Batting: LHB William Wolf
|
Balk! Juan Valverde to third Ryan McBride to second 0-0: Intentional Walk
|
Batting: LHB Paco Rivera
|
0-0: Foul Ball, location: 2F 0-1: Ball 1-1: GRAND SLAM HOME RUN (Flyball, 7LD), Distance : 385 ft
|
Thursday, March 30th, 2017 - OOTP Baseball 17.12 Build 75
|
|